 Dungeon Crawl Stone Soup version 0.31-a0-544-gceb718ecc6 (webtiles) character file.

Game seed: 11736317922217140644

1467811 Voda the Slayer (level 26, 225/228 HPs)
             Began as a Demonspawn Artificer on Aug 14, 2023.
             Was the Champion of Fedhas.
             Escaped with the Orb
             ... and 3 runes on Aug 15, 2023!
             The game lasted 08:16:50 (95300 turns).

Voda the Slayer (Demonspawn Artificer)             Turns: 95300, Time: 08:16:51

Health: 225/228    AC: 35    Str: 18      XL:     26   Next: 94%
Magic:  30/30      EV: 23    Int: 20      God:    Fedhas [******]
Gold:   1903       SH: 27    Dex: 30 (31) Spells: 17/34 levels left

rFire   + + +        f - +6 rapier of Dithmenos's Vengeance {flame, Str+3}
rCold   . . .        R - +2 kite shield {AC+3}
rNeg    + + .        T - +9 storm dragon scales
rPois   +            O - -2 hat of the Alchemist {rElec rPois rF+ rC+ rN+ Will+ rMut rCorr}
rElec   +            C - +1 cloak "Vyxicius" {rF+++ rC- rCorr Slay+6}
rCorr   +            v - +2 pair of gloves {Dex+3}
SInv    +            (boots unavailable)
Will    +++..        E - amulet of reflection
Stlth   ++           m - ring of the Octopus King {Wiz HP+2 AC+2 EV+2 SH+2}
HPRegen 0.58/turn    W - ring "Ciangema" {rF+ rN+ Dex+6 SInv}
MPRegen 0.44/turn

%: reflection, resist mutation, guardian spirit, wizardry (x2)
@: studying 2 skills
A: hooves 3, magic shield, magic regeneration, magic link, black mark, big brain
3, demonic magic 3, bedeviling, aura of silence, horns 1, low MP 1,
strong-willed 1, evolution 1, heat vulnerability 1
0: Orb of Zot
}: 3/15 runes: decaying, serpentine, slimy
a: Renounce Religion, Wall of Briars, Grow Ballistomycete, Overgrow, Grow Oklob


You escaped.
You worshipped Fedhas.
Fedhas was exalted by your worship.
You visited 11 branches of the dungeon, and saw 55 of its levels.
You visited the Abyss 1 time.
You visited 1 bazaar.
You also visited: Sewer, Bailey and Ice Cave.

You collected 7711 gold pieces.
You spent 5808 gold pieces at shops.

Inventory:

Hand Weapons
 f - the +6 rapier of Dithmenos's Vengeance (weapon) {flame, Str+3}
   (You found it on level 4 of the Lair of Beasts)

   Str+3:     It affects your strength (+3).
 u - a +9 rapier of freezing
Armour
 e - a +0 hat of willpower
 k - a +0 kite shield of poison resistance
 l - a +0 pair of gloves of stealth
 v - a +2 pair of gloves of dexterity (worn)
 C - the +1 cloak "Vyxicius" (worn) {rF+++ rC- rCorr Slay+6}
   (You found it on level 5 of the Pits of Slime)

   Slay+6:    It affects your accuracy & damage with ranged weapons and melee
   (+6).
   rF+++:     It renders you almost immune to fire.
   rC-:       It makes you vulnerable to cold.
   rCorr:     It protects you from acid and corrosion.
 I - the +2 pair of gloves of Dogmatism {rN+}
   (You found it on level 3 of the Elven Halls)

   rN+:       It protects you from negative energy.
 O - the -2 hat of the Alchemist (worn) {rElec rPois rF+ rC+ rN+ Will+ rMut rCorr}
   (You bought it in a shop in a bazaar)

   rF+:       It protects you from fire.
   rC+:       It protects you from cold.
   rElec:     It insulates you from electricity.
   rPois:     It protects you from poison rN+: It protects you from negative
   energy.
   Will+:     It increases your willpower.
   rCorr:     It protects you from acid and corrosion.
   rMut:      It protects you from mutation.
 R - a +2 kite shield of protection (worn)
 T - +9 storm dragon scales (worn)
 X - the +4 dragonskin cloak
   (You took it off Tiamat on level 4 of the Realm of Zot)

   Avatar's Aegis: It grants the wearer a chance to resist fire, cold, poison,
   electricity, acid, and negative energy.
Jewellery
 m - a ring of the Octopus King (left hand) {Wiz HP+2 AC+2 EV+2 SH+2}
   (You found it on level 15 of the Dungeon)

   [ring of wizardry]

   Wiz:       It improves your spell success rate.
   AC+2:      It affects your AC (+2).
   EV+2:      It affects your evasion (+2).
   HP+2:      It affects your health (+2).
   SH+2:      It affects your SH (+2).
 n - the ring of the Terrible God {Will++ Dex+6}
   (You found it on level 5 of the Pits of Slime)

   [ring of dexterity]

   Dex+6:     It affects your dexterity (+6).
   Will++:    It greatly increases your willpower.
 x - the ring of the Sandy God {rF++ rCorr}
   (You found it on level 15 of the Dungeon)

   [ring of resist corrosion]

   rF++:      It greatly protects you from fire.
   rCorr:     It protects you from acid and corrosion.
 B - the ring "Lyoshumman" {rPois Int+2 Dex+3}
   (You took it off a deep elf zephyrmancer on level 3 of the Elven Halls)

   [ring of poison resistance]

   Int+2:     It affects your intelligence (+2).
   Dex+3:     It affects your dexterity (+3).
   rPois:     It protects you from poison
 E - an amulet of reflection (around neck)
 U - a ring of protection from cold
 W - the ring "Ciangema" (right hand) {rF+ rN+ Dex+6 SInv}
   (You found it on level 5 of the Pits of Slime)

   [ring of dexterity]

   Dex+6:     It affects your dexterity (+6).
   rF+:       It protects you from fire.
   rN+:       It protects you from negative energy.
   SInv:      It lets you see invisible.
Wands
 d - a wand of charming (88)
 t - a wand of roots (55)
 F - a wand of quicksilver (37)
 Z - a wand of digging (18)
Scrolls
 g - 15 scrolls of fear
 h - 15 scrolls of teleportation
 i - 19 scrolls of amnesia
 o - 7 scrolls of blinking
 q - 2 scrolls of summoning
 w - 2 scrolls of silence
 G - 8 scrolls of poison
 H - 7 scrolls of fog
 M - 10 scrolls of revelation
 P - 6 scrolls of brand weapon
Potions
 a - 2 potions of ambrosia
 c - 6 potions of enlightenment
 j - 10 potions of curing
 p - 3 potions of mutation
 r - 7 potions of might
 s - 5 potions of cancellation
 z - 2 potions of lignification
 A - 5 potions of resistance
 D - a potion of magic
 K - 2 potions of invisibility
 L - 13 potions of brilliance
 Q - 3 potions of haste
 S - 13 potions of heal wounds
 Y - 3 potions of berserk rage
Miscellaneous
 b - a phial of floods
 y - a tin of tremorstones (2/2)
 J - a lightning rod (1/4)
 N - a sack of spiders (inert)
 V - a phantom mirror (inert)


   Skills:
 * Level 22.7 Fighting
 - Level 14.0 Short Blades
 + Level 16.2 Armour
 + Level 16.8 Dodging
 - Level 15.0 Stealth
 + Level 17.9 Shields
 - Level 4.7 Spellcasting
 + Level 21.8 Summonings
 - Level 15.0 Invocations
 - Level 10.0 Evocations


You had 17 spell levels left.
You knew the following spells:

 Your Spells              Type           Power      Damage    Failure   Level
a - Summon Small Mammal   Summ           100%       N/A       0%          1
b - Call Canine Familiar  Summ           75%        N/A       1%          3
c - Summon Cactus Giant   Summ           37%        N/A       1%          6
d - Summon Hydra          Summ           37%        N/A       3%          7

Your spell library contained the following spells:

 Spells                   Type           Power      Damage    Failure   Level
 Call Imp                 Summ           100%       N/A       0%          2
 Summon Guardian Golem    Hex/Summ       64%        N/A       1%          3
 Animate Armour           Summ/Erth      96%        N/A       3%          4
 Summon Forest            Summ/Tloc      24%        N/A       9%          5
 Summon Mana Viper        Hex/Summ       64%        N/A       9%          5
 Apportation              Tloc           8%         N/A       26%         1
 Foxfire                  Conj/Fire      16%        2x1d4     26%         1
 Kiss of Death            Conj/Necr      16%        2d6       26%         1
 Magic Dart               Conj           16%        1d3       26%         1
 Necrotise                Necr           16%        1d4       26%         1
 Cigotuvi's Dreadful Rot  Necr/Pois/Air  8%         N/A       36%         2
 Lesser Beckoning         Tloc           8%         N/A       36%         2
 Poisonous Vapours        Pois/Air       8%         N/A       36%         2
 Sublimation of Blood     Necr           4%         N/A       36%         2
 Wereblood                Tmut           4%         N/A       36%         2
 Dazzling Flash           Conj/Hex       14%        N/A       58%         3
 Frozen Ramparts          Ice            8%         1d2       58%         3
 Gell's Gravitas          Tloc           4%         N/A       58%         3
 Ignite Poison            Fire/Tmut/Pois 4%         N/A       58%         3
 Mephitic Cloud           Conj/Pois/Air  4%         N/A       58%         3
 Portal Projectile        Hex/Tloc       14%        N/A       58%         3
 Stone Arrow              Conj/Erth      8%         3d7       58%         3
 Teleport Other           Tloc           4%         N/A       58%         3
 Tukima's Dance           Hex            7%         N/A       58%         3
 Volatile Blastmotes      Fire/Tloc      8%         2d10      58%         3
 Haunt                    Necr/Summ      24%        N/A       90%         7
 Spellforged Servitor     Conj/Summ      24%        N/A       90%         7
 Anguish                  Hex/Necr       3%         N/A       91%         4
 Animate Dead             Necr           4%         N/A       91%         4
 Cause Fear               Hex            3%         N/A       91%         4
 Fulminant Prism          Conj/Hex       3%         3d5       91%         4
 Iskenderun's Mystic Bla  Conj/Tloc      4%         2d3       91%         4
 Leda's Liquefaction      Hex/Erth       3%         N/A       91%         4
 Manifold Assault         Tloc           4%         N/A       91%         4
 Passage of Golubria      Tloc           4%         N/A       91%         4
 Petrify                  Tmut/Erth      4%         N/A       91%         4
 Alistair's Intoxication  Tmut/Pois      2%         N/A       99%         5
 Borgnjor's Vile Clutch   Necr/Erth      2%         N/A       99%         5
 Fireball                 Conj/Fire      2%         3d4       99%         5
 Freezing Cloud           Conj/Ice/Air   2%         6-21      99%         5
 Irradiate                Conj/Tmut      2%         3d12      99%         5
 Iskenderun's Battlesphe  Conj           4%         2d6       99%         5
 Metabolic Englaciation   Hex/Ice        3%         N/A       99%         5
 Yara's Violent Unravell  Hex/Tmut       3%         3d4       99%         5
 Conjure Ball Lightning   Conj/Air       2%         3x3d6     100%        6
 Death Channel            Necr           2%         N/A       100%        6
 Dispersal                Tloc           2%         N/A       100%        6
 Eringya's Noxious Bog    Tmut/Pois      2%         4d6       100%        6
 Leda's Unmaking          Conj/Erth      2%         9d1       100%        6
 Plasma Beam              Fire/Air       2%         2x1d12    100%        6
 Simulacrum               Ice/Necr       2%         N/A       100%        6
 Starburst                Conj/Fire      2%         6d3       100%        6
 Enfeeble                 Hex            3%         N/A       100%        7
 Orb of Destruction       Conj           2%         9d5       100%        7
 Ozocubu's Refrigeration  Ice            2%         4d7       100%        7
 Borgnjor's Revivificati  Necr           2%         N/A       100%        8
 Disjunction              Tloc           2%         N/A       100%        8
 Lehudib's Crystal Spear  Conj/Erth      2%         10d2      100%        8
 Maxwell's Capacitive Co  Air            2%         ∞         100%        8
 Death's Door             Necr           2%         N/A       100%        9
 Polar Vortex             Ice            2%         N/A       100%        9


Dungeon Overview and Level Annotations

Branches:
Dungeon (15/15)            Temple (0/1) D:5            Lair (5/5) D:9
  Swamp (4/4) Lair:2        Snake (4/4) Lair:3        Slime (5/5) Lair:4
    Orc (2/2) D:11            Elf (3/3) Orc:2        Vaults (5/5) D:13
  Crypt (3/3) Vaults:2       Tomb (0/3) Crypt:3      Depths (4/4) D:15
    Zot (5/5) Depths:4      Sewer (visited)          Bailey (visited)
  IceCv (visited)

Altars:
Ashenzari
Cheibriados
Dithmenos
Fedhas
Gozag
Hepliaklqana
Kikubaaqudgha
Makhleb
Nemelex Xobeh
Okawaru
Qazlal
Sif Muna
Trog
Uskayaw
Vehumet
Wu Jian
Yredelemnul
Jiyva

Shops:
D:6 ?   D:10 ((*[(   D:15 [[[   Orc:2 =[!(   Elf:3 *?   Vaults:1 :
Vaults:2 *?

Portals:
Hell: Depths:1 Depths:2 Depths:3 Depths:4
Abyss: Depths:3 Depths:4
Pandemonium: Depths:2
Ziggurat: Depths:4
Trove: D:12 (give 5 potions of resistance)

Annotations:
D:12 3 runed translucent doors, t4s4d4r's ghost, journeyman OpSh
D:15 2 transporters
Zot:3 3 runed translucent doors, 2 transporters, Uneer's ghost, legendary GnFE


Innate Abilities, Weirdness & Mutations

You have hooves in place of feet.
When hurt, damage is shared between your health and your magic reserves.
You regenerate magic rapidly.
When low on magic, you restore magic in place of health.
Your melee attacks may debilitate your foes.
You have an absolutely massive brain. (Int +6, Wiz)
Spells you cast and wands you use may paralyse nearby enemies.
Your hexes are more powerful.
You are surrounded by an aura of silence.
You have a pair of small horns on your head.
Your magical capacity is low. (-10% MP)
You are strong-willed. (Will+)
You have hidden genetic potential.
You are vulnerable to heat. (rF-)


Message History

The sixfirhy hits you but does no damage.
Unknown command.
You swap places.
The sixfirhy completely misses your four-headed hydra.
Your four-headed hydra barely misses the sixfirhy.
Your four-headed hydra bites the sixfirhy.
Your four-headed hydra bites the sixfirhy! x2
Your four-headed hydra completely misses the sixfirhy.
Your four-headed hydra misses the sixfirhy. x2
Your four-headed hydra barely misses the sixfirhy.
Unknown command.
The sixfirhy hits your four-headed hydra.
The sixfirhy shocks your four-headed hydra!
Your four-headed hydra bites the sixfirhy! x2
The sixfirhy dies!
Fedhas accepts your kill.
Your four-headed hydra bites the cacodemon.
Your four-headed hydra closely misses the cacodemon.
Your four-headed hydra bites the cacodemon.
Your four-headed hydra bites the cacodemon but does no damage.
Your four-headed hydra bites the cacodemon!
Your four-headed hydra bites the cacodemon.
The cacodemon gestures next to your four-headed hydra.
Some rock shatters into small pieces.
The orange demon stings your four-headed hydra.
The orange demon hits your four-headed hydra.
Your four-headed hydra looks weaker.
Your four-headed hydra bites the orange demon. x2
Your four-headed hydra bites the orange demon!
Your four-headed hydra bites the orange demon.
The orange demon barely misses your four-headed hydra.
The orange demon hits your four-headed hydra.
Your four-headed hydra bites the orange demon. x2
Your four-headed hydra bites the orange demon!
Your four-headed hydra closely misses the orange demon.
Unknown command.
The cacodemon gestures at the rock wall.
You hear a grinding noise.
There is a staircase leading out of the dungeon here.
You have escaped!

###..#........#...#.......#
.....##..#######C###.###..#
.###.....# ##...4...## #..#
.....##..###.........###..#
#######..##.....2.....##..#
##..#.............#..##
####..##.............##..##
##....#.#.............#.#..##
##....#.........@.........#..#
.......#.#.............#.#..##
##......##.............##..##
#######..#.............#..##
......#..##...........##..#
#####.#..###.........###..#
.........# ##.......## #..#
####.....#######.#######..#
#..#.......#...#.......#


You could see a cacodemon, an orange demon (ally target) and a friendly cactus
giant (summoned).

Vanquished Creatures
  the Royal Jelly (Slime:5)
  Tiamat (Zot:4)
  3 dread liches
  An ancient lich (Zot:5)
  2 orbs of fire
  Boris (Vaults:4)
  4 Killer Klowns (Zot:5)
  Vashnia (Snake:2)
  4 curse toes
  5 golden dragons
  Norris (Elf:1)
  2 profane servitors (Crypt:3)
  A Brimstone Fiend (D:14)
  2 electric golems
  A walking crystal tome (Depths:3)
  13 tentacled monstrosities
  A titan (Depths:4)
  3 liches
  A shard shrike skeleton (Crypt:1)
  An Ice Fiend (Zot:5)
  26 Orb Guardians
  2 deep elf master archers (Elf:3)
  A sphinx (Depths:1)
  6 quicksilver dragons
  14 acid blobs
  10 ancient champions
  10 death cobs
  2 tengu reavers
  5 storm dragons
  Kirke (D:15)
  5 shadow dragons
  7 azure jellies
  3 revenants (Crypt:1)
  A nagaraja (Snake:4)
  5 draconian knights
  6 rockslimes
  3 draconian monks
  2 fire giants (Depths:3)
  2 draconian scorchers (Zot:4)
  2 deep elf sorcerers (Elf:3)
  5 frost giants
  2 iron dragons
  8 vault wardens
  6 draconian shifters
  5 ghost moths
  Louise (Depths:3)
  8 ghouls
  A caustic shrike zombie (Depths:1)
  2 orc warlords
  A balrug (D:6)
  A curse skull (Crypt:1)
  A reaper (Abyss:3)
  3 spriggan defenders
  5 ironbound preservers
  14 very ugly things
  6 draconian annihilators
  5 draconian stormcallers
  2 juggernaut skeletons (Crypt:1)
  9 ironbound thunderhulks
  8 quicksilver oozes
  9 stone giants
  6 vampire knights
  12 green draconians
  A demonspawn blood saint (D:6)
  7 black draconians
  A lorocyproca (Abyss:3)
  4 eleionomae
  4 formless jellyfish
  2 spark wasps (Depths:3)
  6 deep elf demonologists (Elf:3)
  4 bunyips
  6 dire elephants
  8 purple draconians
  A starcursed mass (Abyss:3)
  9 yellow draconians
  6 deep elf annihilators (Elf:3)
  12 red draconians
  11 white draconians
  A crystal guardian (Vaults:2)
  4 eidola
  A mummy priest (Crypt:3)
  3 deep elf death magi
  2 ettins
  6 fire dragons
  A pearl dragon skeleton (Crypt:1)
  11 yaktaur captains
  4 great orbs of eyes
  10 ice dragons
  8 jiangshi
  A deep elf high priest (Elf:3)
  A salamander tyrant (Snake:4)
  7 hydras
  2 quicksilver dragon skeletons
  7 vault guards
  A fenstrider witch zombie (Crypt:1)
  2 rakshasas (Depths:2)
  A spriggan skeleton (Abyss:3)
  5 spriggan air magi
  A spriggan zombie (Crypt:3)
  2 peacekeepers
  7 ironbound frosthearts
  3 two-headed ogres
  5 anacondas
  An alligator (Swamp:3)
  13 dancing weapons
  19 centaur warriors
  A fenstrider witch skeleton (Crypt:1)
  7 tengu warriors
  An alligator (shapeshifter) (Vaults:2)
  3 boulder beetles
  3 naga warriors
  5 vampire magi
  6 deep troll shamans
  Urug (D:11)
  11 death yaks
  5 spriggan berserkers
  9 naga sharpshooters
  A soul eater (Crypt:2)
  An orc high priest (Elf:3)
  A demonic crawler (Abyss:3)
  A shock serpent (Snake:2)
  12 deep troll earth magi
  6 hell knights
  12 deep elf knights
  A skyshark (Elf:1)
  5 iron trolls
  2 shadow wraiths (Crypt:3)
  14 skeletal warriors
  2 sixfirhies (D:7)
  2 salamander mystics (Snake:4)
  25 deep trolls
  2 spriggan druids
  A bunyip zombie (Crypt:1)
  A cherub (D:15)
  14 deep elf archers
  A spriggan simulacrum (Crypt:3)
  2 spark wasp zombies
  4 swamp dragons
  4 phantasmal warriors
  A naga ritualist (Snake:4)
  7 orc knights
  An anaconda skeleton (Crypt:1)
  3 glowing orange brains
  11 ironbound convokers
  A shadow dragon zombie (Crypt:1)
  Pikel (D:5)
  15 deep elf pyromancers
  5 necromancers
  A wolf spider (D:13)
  2 mana vipers
  2 wizards (Vaults:4)
  25 ugly things
  8 lindwurms
  A stone giant zombie (Depths:1)
  4 harpies (Vaults:1)
  A shadow dragon skeleton (Crypt:2)
  14 deep elf zephyrmancers
  3 orc sorcerers (Orc:2)
  8 cyclopes
  5 manticores
  3 elephants (Lair:3)
  An iron dragon zombie (Crypt:3)
  2 worldbinders (Abyss:3)
  A large abomination (Depths:4)
  5 shining eyes
  17 moths of wrath
  6 salamanders
  A moth of wrath (shapeshifter) (Vaults:3)
  A rust devil (Abyss:3)
  17 black mambas
  11 vault sentinels
  2 eyes of devastation
  A centaur zombie (Crypt:3)
  An eye of devastation (shapeshifter) (Vaults:2)
  4 cane toads
  3 gargoyles
  2 naga magi
  Maggie (D:8)
  An orange demon (Zot:3)
  2 grey draconian zombies
  10 rime drakes
  8 komodo dragons
  24 yaktaurs
  2 kobold demonologists (D:14)
  Psyche (D:8)
  An efreet (Abyss:4)
  A death yak zombie (Crypt:1)
  A pale draconian zombie (Crypt:3)
  A spark wasp simulacrum (Depths:1)
  3 ice devils
  A tormentor (Depths:2)
  2 freezing wraiths (Crypt:3)
  A hellwing (Depths:2)
  4 tengu conjurers
  A grey draconian skeleton (Crypt:2)
  A meliai (D:15)
  16 nameless horrors
  A hornet (Swamp:4)
  5 polar bears
  3 tyrant leeches
  A troll (D:12)
  6 blink frogs
  3 raiju (Abyss:4)
  A tarantella (shapeshifter) (D:14)
  An air elemental (Elf:2)
  A guardian serpent skeleton (Crypt:1)
  A snapping turtle (shapeshifter) (D:13)
  48 slime creatures
  An ushabti (Crypt:3)
  6 spriggans
  A centaur simulacrum (D:15)
  3 flying skulls (Crypt:1)
  2 wraiths
  9 wyverns
  4 water elementals
  3 fire elementals
  2 hogs (D:15)
  3 basilisks
  25 yaks
  A ynoxinul (Abyss:3)
  3 golden eyes (Slime:4)
  3 vampires
  3 chaos spawn
  4 vampire mosquitoes (D:14)
  2 redbacks (Vaults:3)
  6 swamp worms
  5 steam dragons
  A warg (Orc:2)
  20 nagas
  2 naga zombies
  2 small abominations
  2 hell hounds (D:15)
  4 acid dragons
  A deep troll skeleton (Crypt:3)
  20 water moccasins
  5 swamp drakes
  21 orc warriors
  3 sky beasts
  2 black bears
  An ettin simulacrum (Depths:1)
  A glowing shapeshifter skeleton (Crypt:3)
  An ice beast (D:6)
  5 centaurs
  8 ogres
  17 wolves
  2 boggarts (Vaults:2)
  A swamp dragon skeleton (Crypt:1)
  3 lemures (D:5)
  A phantom (D:5)
  5 kobold brigands
  14 bullfrogs
  2 gnoll sergeants (D:10)
  2 necrophages
  An earth elemental (Elf:2)
  A salamander skeleton (Crypt:1)
  2 wyvern zombies
  3 scorpions
  A shapeshifter zombie (Crypt:3)
  A queen bee zombie (Crypt:2)
  4 killer bees (D:10)
  A shapeshifter skeleton (Crypt:2)
  13 howler monkeys
  A lava snake (Lair:3)
  3 jellies
  9 orc priests
  A hound (D:6)
  A basilisk skeleton (Crypt:3)
  Ijyb (D:3)
  3 iguanas
  23 orc wizards
  A polar bear simulacrum (Lair:5)
  4 wolf simulacra (Lair:5)
  An ogre skeleton (Crypt:3)
  7 mummies (Crypt:3)
  13 gnolls
  9 adders
  An ufetubus (D:4)
  A worm (D:5)
  44 orcs
  A bat skeleton (Crypt:3)
  8 endoplasms
  7 giant cockroaches (Sewer)
  15 goblins
  14 hobgoblins
  3 jackals (D:5)
  3 quokkas
  7 ball pythons
  4 bats
  8 frilled lizards
  A hobgoblin skeleton (Crypt:2)
  17 kobolds
  5 rats
  8 ballistomycete spores
1492 creatures vanquished.

Vanquished Creatures (collateral kills)
  An orb of fire (Zot:5)
  Frederick (Crypt:2)
  2 Killer Klowns (Zot:5)
  Saint Roka (Orc:2)
  3 golden dragons
  An electric golem (Zot:5)
  A profane servitor (Depths:3)
  4 tentacled monstrosities
  A walking crystal tome (Depths:3)
  2 liches
  4 Orb Guardians (Zot:5)
  4 acid blobs
  4 deep elf blademasters
  3 sphinxes
  A tentacled starspawn (Abyss:4)
  2 ancient champions
  Frances (Elf:1)
  An Executioner (Zot:5)
  3 shadow dragons
  2 storm dragons
  A tengu reaver (Depths:3)
  A draconian monk (Depths:3)
  A revenant (Crypt:1)
  A fire giant (Depths:1)
  5 nagarajas
  8 rockslimes
  4 frost giants
  A deep elf sorcerer (Elf:3)
  3 deep elf elementalists (Elf:3)
  4 ghouls
  A draconian scorcher (Depths:4)
  2 orc warlords (Depths:1)
  2 formless jellyfish (Slime:2)
  10 very ugly things
  4 draconian annihilators
  3 ironbound preservers
  An ironbound thunderhulk (Vaults:4)
  4 quicksilver oozes
  6 stone giants
  A spriggan defender (Depths:2)
  3 war gargoyles
  2 vampire knights
  3 green draconians
  5 dire elephants
  4 yellow draconians
  2 deep elf annihilators (Elf:3)
  2 white draconians (Zot:3)
  3 black draconians
  An eleionoma (Swamp:4)
  Azrael (D:15)
  2 spark wasps (Depths:3)
  A bunyip (Swamp:3)
  2 red draconians
  3 purple draconians
  A mummy priest (Crypt:3)
  2 crystal guardians
  4 fire dragons
  3 deep elf death magi
  An ettin (Depths:3)
  A green death (Zot:2)
  4 jiangshi
  3 entropy weavers
  8 great orbs of eyes
  A deep elf high priest (Elf:3)
  2 peacekeepers
  8 hydras
  3 vault guards
  A salamander tyrant (Snake:4)
  2 ice dragons
  3 spriggan air magi
  4 anacondas
  An ironbound frostheart (Vaults:1)
  4 catoblepae
  5 rakshasas
  9 centaur warriors
  3 ogre magi
  4 two-headed ogres
  4 death knights
  18 dancing weapons
  3 alligators
  16 naga warriors
  5 deep troll shamans
  4 tengu warriors
  6 death yaks
  5 vampire magi
  2 spriggan berserkers
  5 naga sharpshooters
  4 deep troll earth magi
  3 shock serpents
  3 hell knights
  7 deep elf knights
  3 skysharks
  A soul eater (Depths:2)
  A titan skeleton (Crypt:1)
  A sixfirhy (D:1)
  12 skeletal warriors
  A wretched star (Abyss:3)
  3 goliath frogs
  2 iron trolls
  4 swamp dragons (Swamp:4)
  15 deep trolls
  3 spriggan druids
  4 deep elf archers
  A harpy (Vaults:1)
  A glowing orange brain (D:15)
  5 ironbound convokers
  4 wizards
  3 lindwurms
  2 bog bodies
  3 necromancers
  2 flayed ghosts
  3 orc knights
  An iron giant skeleton (Crypt:2)
  6 naga ritualists
  8 deep elf zephyrmancers
  4 moths of wrath
  7 mana vipers
  6 deep elf pyromancers
  5 orc sorcerers (Orc:2)
  A shining eye (shapeshifter) (D:13)
  3 manticores
  3 shining eyes
  A cyclops (Orc:1)
  A will-o-the-wisp (Lair:2)
  19 ugly things
  9 salamanders
  9 black mambas
  2 vault sentinels
  A centaur zombie (Crypt:2)
  6 elephants
  A smoke demon (Abyss:3)
  2 guardian serpents (Snake:4)
  17 naga magi
  A guardian serpent (shapeshifter) (D:13)
  An ice statue (IceCv)
  A molten gargoyle (Depths:2)
  2 cane toads
  A torpor snail (Lair:5)
  3 rime drakes
  3 gargoyles
  2 efreet (D:15)
  8 yaktaurs
  5 komodo dragons
  5 unseen horrors
  2 freezing wraiths
  2 guardian mummies (Crypt:3)
  A harpy zombie (Crypt:3)
  4 tengu conjurers
  A komodo dragon (shapeshifter) (D:15)
  A red devil (Depths:2)
  A catoblepas skeleton (Crypt:2)
  A polar bear (Lair:5)
  2 trolls
  A hydra zombie (Crypt:2)
  A hellwing (Abyss:3)
  7 raiju
  4 tyrant leeches
  12 hornets
  2 dream sheep (Lair:5)
  A blink frog (Lair:5)
  24 slime creatures
  4 flying skulls
  A jumping spider (Vaults:4)
  5 large abominations
  6 wraiths
  A centaur simulacrum (D:15)
  A shadow (D:11)
  3 vampires
  2 basilisks (Lair:5)
  3 yaks
  12 spriggans
  A wind drake zombie (Crypt:1)
  2 hogs (D:15)
  A redback (shapeshifter) (Elf:3)
  A redback (Vaults:3)
  2 chaos spawn (Depths:4)
  2 neqoxecs (Abyss:3)
  5 swamp worms
  An acid dragon (D:11)
  33 nagas
  4 water moccasins
  4 nameless horrors
  A deep troll skeleton (Crypt:1)
  A black bear (D:6)
  11 orc warriors
  A black mamba simulacrum (Crypt:2)
  An ice beast (D:6)
  5 wolves
  3 centaurs
  2 boggarts (Vaults:2)
  7 ogres (Orc:2)
  3 bullfrogs
  3 necrophages
  6 small abominations
  An earth elemental (Elf:1)
  A howler monkey (D:11)
  A lava snake (Lair:3)
  A hound (D:5)
  2 orc priests
  4 iguanas
  A gnoll bouda (D:5)
  18 orc wizards
  2 yak simulacra (Lair:5)
  A wolf simulacrum (Lair:5)
  2 polar bear simulacra (Lair:5)
  5 mummies (Crypt:3)
  6 gnolls
  2 adders
  A white imp (D:7)
  20 orcs
  2 giant cockroaches
  5 goblins
  A jackal (D:5)
  13 kobolds
  A quokka (Sewer)
  3 ball pythons
  2 frilled lizards (Sewer)
  A river rat simulacrum (Lair:5)
  226 ballistomycete spores
  A spectral weapon (Swamp:1)
1047 creatures vanquished.

Vanquished Creatures (others)
  A lich (Abyss:3)
  An eleionoma (Swamp:3)
  An entropy weaver (Vaults:1)
  A shambling mangrove (Swamp:4)
  3 deep elf knights (Elf:3)
  A shadow wraith (Crypt:3)
  2 wizards
  A bog body (Swamp:3)
  5 deep elf pyromancers
  A deep elf zephyrmancer (Elf:3)
  A tyrant leech (Swamp:3)
  2 bloated husks
  2 hornets (Swamp:4)
  A centaur simulacrum (D:15)
  A naga (Snake:4)
  A human (D:6)
  An iguana (D:6)
  An orc wizard (Orc:2)
  An ufetubus (D:4)
  An orc (Orc:2)
  19 ballistomycete spores
  14 foxfires
  2 starspawn tentacles (Abyss:4)
64 creatures vanquished.

Grand Total: 2603 creatures vanquished

Notes
Turn   | Place    | Note
-------+----------+-------------------------------------------
     0 | D:1      | Voda the Demonspawn Artificer began the quest for the Orb.
     0 | D:1      | Reached XP level 1. HP: 15/15 MP: 1/1
    92 | D:1      | Reached skill level 1 in Stealth
   341 | D:1      | Found a faded altar of an unknown god.
   352 | D:1      | Prayed at the altar of an unknown god.
   352 | D:1      | Became a worshipper of Fedhas Madash
   352 | D:1      | Reached * piety under Fedhas
   674 | D:1      | Gained mutation: You have an unusually large brain. (Int
                  | +2) [demonic ancestry]
   674 | D:1      | Reached XP level 2. HP: 21/21 MP: 2/2
  1083 | D:2      | Reached skill level 2 in Fighting
  1259 | D:2      | Reached ** piety under Fedhas
  1441 | D:2      | Found a sparkling altar of Nemelex Xobeh.
  1458 | D:2      | Gained mutation: You regenerate magic rapidly. [demonic
                  | ancestry]
  1458 | D:2      | Reached XP level 3. HP: 17/27 MP: 3/3
  2132 | D:3      | Learned a level 1 spell: Summon Small Mammal
  2312 | D:3      | Noticed Ijyb
  2349 | D:3      | Identified the +4 ring mail "Loataiw" {Str+4}
  2832 | D:4      | Reached skill level 1 in Summonings
  2832 | D:4      | Gained mutation: Spells you cast may paralyse adjacent
                  | enemies. [demonic ancestry]
  2832 | D:4      | Reached XP level 4. HP: 34/34 MP: 4/4
  2859 | D:4      | Reached skill level 1 in Spellcasting
  2984 | D:4      | Reached XP level 5. HP: 35/39 MP: 7/7
  3364 | D:5      | Entered Level 5 of the Dungeon
  3452 | D:3      | Killed Ijyb
  3543 | D:4      | Learned a level 3 spell: Call Canine Familiar
  3786 | D:5      | Found a staircase to the Ecumenical Temple.
  3786 | D:5      | Noticed an ogre
  3831 | D:5      | Gained mutation: Spells you cast may paralyse nearby
                  | enemies. [demonic ancestry]
  3831 | D:5      | Reached XP level 6. HP: 31/46 MP: 9/9
  3962 | D:5      | Reached *** piety under Fedhas
  4272 | D:5      | Noticed Pikel
  4361 | D:5      | Identified the +0 leather armour of Qiuqamnou {-Tele rPois
                  | Str+3}
  4468 | D:6      | Found Xuecexze's Magic Scroll Shoppe.
  4483 | D:6      | Noticed an ice beast
  4484 | D:6      | Bought a scroll of blinking for 97 gold pieces
  4484 | D:6      | Bought a scroll of poison for 52 gold pieces
  4497 | D:6      | Found a glowing drain.
  4552 | D:6      | Noticed a sky beast
  4573 | D:6      | Killed an ice beast
  4574 | D:6      | Reached skill level 5 in Summonings
  4574 | D:6      | Gained mutation: When hurt, damage is shared between your
                  | health and your magic reserves. [demonic ancestry]
  4574 | D:6      | Reached XP level 7. HP: 47/51 MP: 11/11
  4672 | Sewer    | Entered a sewer
  4955 | Sewer    | Reached skill level 3 in Fighting
  4955 | Sewer    | Reached skill level 1 in Short Blades
  5029 | D:6      | Noticed a nameless horror
  5041 | D:6      | Killed a nameless horror
  5132 | D:6      | Reached **** piety under Fedhas
  5270 | D:6      | Gained mutation: You have large cloven feet. [demonic
                  | ancestry]
  5270 | D:6      | Reached XP level 8. HP: 47/58 MP: 13/13
  5297 | D:6      | Found an ancient bone altar of Kikubaaqudgha.
  5635 | D:5      | Found a hazy altar of Hepliaklqana.
  5635 | D:5      | Found a sparkling altar of Nemelex Xobeh.
  5635 | D:5      | Found a bloodstained altar of Trog.
  5641 | D:5      | Found a blossoming altar of Fedhas.
  5641 | D:5      | Found a snail-covered altar of Cheibriados.
  5655 | D:5      | Reached skill level 1 in Invocations
  5925 | D:6      | Reached skill level 4 in Fighting
  6100 | D:7      | Reached XP level 9. HP: 66/66 MP: 14/14
  6106 | D:7      | Found a flagged portal.
  6125 | Bailey   | Entered a bailey
  6185 | Bailey   | Reached ***** piety under Fedhas
  6231 | Bailey   | Reached skill level 5 in Invocations
  6332 | Bailey   | Reached skill level 1 in Dodging
  6501 | Bailey   | Reached skill level 5 in Fighting
  6566 | Bailey   | Identified the +0 orcbow of Articulation {freeze, Str+3}
  6566 | Bailey   | Noticed an orc warlord
  6619 | Bailey   | Killed an orc warlord
  6620 | Bailey   | Reached skill level 5 in Stealth
  6620 | Bailey   | Gained mutation: You have an extremely huge brain. (Int +4)
                  | [demonic ancestry]
  6620 | Bailey   | Reached XP level 10. HP: 74/74 MP: 15/15
  7036 | D:8      | Noticed Psyche
  7207 | D:8      | Noticed a two-headed ogre
  7220 | D:8      | Killed a two-headed ogre
  7316 | D:8      | Killed Psyche
  7381 | D:8      | Noticed Maggie
  7391 | D:8      | Killed Maggie
  7914 | D:9      | Noticed a two-headed ogre
  7930 | D:9      | Killed a two-headed ogre
  7931 | D:9      | Reached skill level 6 in Fighting
  8049 | D:9      | Noticed a two-headed ogre
  8052 | D:9      | Noticed a death yak
  8056 | D:9      | Noticed a death yak
  8073 | D:9      | Noticed a death yak
  8075 | D:9      | Killed a death yak
  8076 | D:9      | Gained mutation: You have an absolutely massive brain. (Int
                  | +6, Wiz) [demonic ancestry]
  8076 | D:9      | Reached XP level 11. HP: 81/81 MP: 17/17
  8093 | D:9      | Killed a two-headed ogre
  8094 | D:9      | Reached skill level 5 in Short Blades
  8105 | D:9      | Killed a death yak
  8114 | D:9      | Killed a death yak
  8312 | D:9      | Found a staircase to the Lair.
  8454 | D:10     | Entered Level 10 of the Dungeon
  8458 | D:10     | Reached skill level 10 in Summonings
  8474 | D:10     | Found a burning altar of Makhleb.
  8584 | D:10     | Found an opulent altar of Gozag.
  8645 | D:10     | Found Jerygioze's Weapon Shoppe.
  8710 | D:10     | Found an ornate altar of the Wu Jian Council.
  8738 | D:10     | Identified the +3 robe of the Dragon {rPois}
  8760 | D:10     | Found Sosey's Antique Weapon Shoppe.
  8775 | D:10     | Reached skill level 10 in Invocations
  8883 | D:10     | Found Hipang's Armour Boutique.
  8886 | D:10     | Bought a scarf of resistance for 352 gold pieces
  9156 | D:10     | Found a stormy altar of Qazlal.
  9191 | D:10     | Found Icvyusha's Weapon Emporium.
  9227 | D:10     | Found Jaonleir's Assorted Antiques.
  9321 | Lair:1   | Entered Level 1 of the Lair of Beasts
  9366 | Lair:1   | Identified the +2 scale mail "Empuodoo" {SInv}
  9380 | Lair:1   | Found a hide-covered altar of Uskayaw.
  9380 | Lair:1   | Noticed a boulder beetle
  9398 | Lair:1   | Found an ornate altar of the Wu Jian Council.
  9429 | Lair:1   | Killed a boulder beetle
  9686 | Lair:1   | Reached skill level 7 in Fighting
  9757 | Lair:1   | Found a frozen archway.
  9810 | IceCv    | Entered an ice cave
  9857 | IceCv    | Reached XP level 12. HP: 89/91 MP: 20/20
  9864 | IceCv    | Reached skill level 5 in Armour
 10185 | IceCv    | Noticed a death yak
 10204 | IceCv    | Killed a death yak
 10229 | IceCv    | Noticed a death yak
 10233 | IceCv    | Noticed a death yak
 10264 | IceCv    | Killed a death yak
 10265 | IceCv    | Reached skill level 5 in Dodging
 10280 | IceCv    | Noticed a death yak
 10307 | IceCv    | Killed a death yak
 10319 | IceCv    | Killed a death yak
 10404 | IceCv    | Noticed a death yak
 10404 | IceCv    | Noticed a frost giant
 10432 | IceCv    | Killed a death yak
 10609 | IceCv    | Killed a frost giant
 11090 | Lair:1   | Identified the +3 leather armour of the Northern Lights
                  | {+Blink Int+5}
 11439 | Lair:2   | Identified the staff "Biseqe" {rC+ Str+3 Ice}
 11532 | Lair:2   | Found a staircase to the Swamp.
 11532 | Lair:2   | Noticed an eleionoma
 11543 | Lair:2   | Killed an eleionoma
 11671 | Lair:2   | Learned a level 6 spell: Summon Cactus Giant
 11703 | Lair:2   | Reached skill level 1 in Shields
 12055 | Lair:3   | Reached skill level 8 in Fighting
 12074 | Lair:3   | Reached XP level 13. HP: 88/98 MP: 17/22
 13030 | Lair:3   | Found a staircase to the Snake Pit.
 13618 | Lair:4   | Identified the +6 rapier of Dithmenos's Vengeance {flame,
                  | Str+3}
 13783 | Lair:4   | Identified the +2 ring mail "Rinteaga" {Int+2}
 14518 | Lair:4   | Found a viscous altar of Jiyva.
 14520 | Lair:4   | Found a staircase to the Slime Pits.
 14587 | Lair:5   | Entered Level 5 of the Lair of Beasts
 15475 | Lair:5   | Reached skill level 9 in Fighting
 15646 | Lair:5   | Reached XP level 14. HP: 108/108 MP: 23/23
 15790 | Lair:5   | Reached ****** piety under Fedhas
 16563 | Lair:5   | Reached skill level 5 in Shields
 17000 | D:11     | Found a staircase to the Orcish Mines.
 17261 | D:11     | Noticed Urug
 17268 | D:11     | Killed Urug
 18349 | D:12     | Found a runed translucent gate.
 18350 | D:12     | Found a runed translucent gate.
 18350 | D:12     | Noticed t4s4d4r's ghost (journeyman OpSh)
 18351 | D:12     | Found a runed translucent gate.
 18423 | D:12     | Noticed a stone giant
 18633 | D:12     | Found a portal to a secret trove of treasure.
 18978 | D:13     | Noticed a sphinx
 19000 | D:13     | Killed a sphinx
 19112 | D:13     | Reached XP level 15. HP: 106/114 MP: 19/24
 19280 | D:13     | Gained mutation: You have a pair of small horns on your
                  | head. [a shining eye]
 19481 | D:13     | Reached skill level 15 in Summonings
 19725 | D:13     | Found a gate to the Vaults.
 20528 | D:15     | Entered Level 15 of the Dungeon
 20585 | D:15     | Found a transporter.
 21272 | D:6      | Bought a scroll of identify for 26 gold pieces
 21272 | D:6      | Bought a scroll of identify for 26 gold pieces
 21272 | D:6      | Bought a scroll of identify for 26 gold pieces
 21290 | D:6      | Bought a scroll of teleportation for 39 gold pieces
 21290 | D:6      | Bought a scroll of fear for 52 gold pieces
 21290 | D:6      | Bought a scroll of fear for 52 gold pieces
 21390 | Orc:1    | Entered Level 1 of the Orcish Mines
 21610 | Orc:2    | Entered Level 2 of the Orcish Mines
 21881 | Orc:2    | Found a staircase to the Elven Halls.
 22314 | Orc:2    | Found Maetuepi's Antique Weapon Boutique.
 22369 | Orc:2    | Reached skill level 5 in Evocations
 22525 | Orc:2    | Found a radiant altar of Vehumet.
 22670 | Orc:2    | Found Zocetegg's Antique Armour Shop.
 22724 | Orc:2    | Noticed Saint Roka
 23007 | Orc:2    | Found Gaebuzida's Distillery.
 23027 | Orc:2    | Found an ancient bone altar of Kikubaaqudgha.
 23085 | Orc:2    | Killed Saint Roka
 23333 | Orc:2    | Found Zetynky's Jewellery Boutique.
 23682 | D:15     | Noticed a frost giant
 23695 | D:15     | Killed a frost giant
 23887 | D:15     | Noticed Azrael
 23919 | D:15     | Killed Azrael
 24149 | D:15     | Reached skill level 10 in Fighting
 24265 | D:15     | Gained mutation: You have hoof-like feet. [demonic
                  | ancestry]
 24265 | D:15     | Reached XP level 16. HP: 114/122 MP: 24/25
 24320 | D:15     | Found Nuliuss's Antique Armour Boutique.
 24372 | D:15     | Got the Cyclopedia of the Gritty Map
 24639 | D:15     | Identified the ring of the Sandy God {rF++ rCorr}
 24655 | D:15     | Found Reiruz's Armour Shop.
 24822 | D:15     | Found the ring of the Octopus King
 24835 | D:15     | Identified a ring of the Octopus King {Wiz HP+2 AC+2 EV+2
                  | SH+2}
 24871 | D:15     | Found Ahiumase's Armour Shop.
 24876 | D:15     | Reached skill level 10 in Stealth
 24911 | D:15     | Noticed Kirke
 24921 | D:15     | Noticed a sphinx
 24936 | D:15     | Killed Kirke
 24950 | D:15     | Identified the ring of Wisdom {Wiz Fly rPois Will+++ Str-3}
 24980 | D:15     | Found a staircase to the Depths.
 24994 | Depths:1 | Entered Level 1 of the Depths
 25039 | D:15     | Upgraded the game from 0.31-a0-542-gdc2a67831c to
                  | 0.31-a0-544-gceb718ecc6
 25143 | D:15     | Found a transporter.
 26101 | Snake:1  | Entered Level 1 of the Snake Pit
 26339 | Snake:1  | Reached skill level 10 in Shields
 27457 | Snake:2  | Noticed Vashnia
 28071 | Snake:2  | Found a hide-covered altar of Uskayaw.
 30519 | Snake:2  | Killed Vashnia
 31077 | Snake:3  | Reached skill level 11 in Fighting
 31099 | Snake:3  | Gained mutation: You have hooves in place of feet. [demonic
                  | ancestry]
 31099 | Snake:3  | Reached XP level 17. HP: 110/131 MP: 26/26
 31733 | Snake:3  | Gained mutation: Your hexes are more powerful. [demonic
                  | ancestry]
 31733 | Snake:3  | Reached XP level 18. HP: 138/138 MP: 27/27
 32099 | Snake:4  | Entered Level 4 of the Snake Pit
 34323 | Snake:4  | Reached skill level 10 in Short Blades
 34742 | Snake:4  | Got a serpentine rune of Zot
 35947 | Swamp:1  | Entered Level 1 of the Swamp
 35962 | Swamp:1  | Found a broken altar of Ashenzari.
 37552 | Swamp:2  | Found the +8 trishula "Condemnation" {holy, anguish, *Noise
                  | Fly rN+}
 38561 | Swamp:4  | Entered Level 4 of the Swamp
 39213 | Swamp:4  | Reached XP level 19. HP: 132/146 MP: 29/29
 39335 | Swamp:4  | Reached skill level 10 in Dodging
 39541 | Swamp:4  | Reached skill level 12 in Fighting
 40122 | Swamp:4  | Got a decaying rune of Zot
 40722 | Vaults:1 | Entered Level 1 of the Vaults
 41789 | Vaults:1 | Found Lyrrewk's Book Shoppe.
 42122 | Abyss:3  | Cast into level 3 of the Abyss (a wizard)
 42523 | Abyss:4  | Found a corrupted altar of Lugonu.
 42588 | Vaults:1 | Escaped the Abyss
 43899 | Vaults:2 | Reached XP level 20. HP: 146/155 MP: 23/31
 44053 | Vaults:2 | Found Sesaq's Magic Scroll Shoppe.
 44121 | Vaults:2 | Bought a scroll of teleportation for 48 gold pieces
 44575 | Vaults:2 | Noticed a dread lich
 44800 | Vaults:2 | Found Qurercha's General Store.
 44810 | Vaults:2 | Bought a potion of heal wounds for 60 gold pieces
 45156 | Vaults:2 | Reached skill level 15 in Invocations
 45527 | Vaults:2 | Found a staircase to the Crypt.
 45667 | Vaults:2 | Reached skill level 10 in Armour
 45973 | Vaults:2 | Paralysed by something for 3 turns
 46366 | Vaults:3 | Reached skill level 13 in Fighting
 46765 | Vaults:3 | Reached skill level 10 in Evocations
 48765 | Vaults:4 | Noticed Boris
 49352 | Orc:2    | Bought a potion of ambrosia for 120 gold pieces
 49352 | Orc:2    | Bought a potion of curing for 45 gold pieces
 49352 | Orc:2    | Bought a potion of resistance for 150 gold pieces
 49352 | Orc:2    | Bought a potion of heal wounds for 75 gold pieces
 49352 | Orc:2    | Bought a potion of curing for 45 gold pieces
 49388 | Orc:2    | Bought shiny ice dragon scales for 1575 gold pieces
 49466 | Elf:1    | Entered Level 1 of the Elven Halls
 49545 | Elf:1    | Noticed Frances
 50303 | Slime:1  | Entered Level 1 of the Pits of Slime
 51762 | Orc:2    | Bought a masterwork plate armour for 700 gold pieces
 51762 | Orc:2    | Identified the +2 plate armour of Vehumet's Whim {Rampage
                  | MP+9 Dex+4 Slay-2 Stlth+} (You bought it in a shop on level
                  | 2 of the Orcish Mines)
 51829 | Elf:1    | Killed Frances
 52415 | Elf:1    | Noticed Norris
 52449 | Elf:1    | Killed Norris
 52450 | Elf:1    | Gained mutation: When low on magic, you restore magic in
                  | place of health. [demonic ancestry]
 52450 | Elf:1    | Reached XP level 21. HP: 163/163 MP: 32/32
 52913 | Orc:2    | Bought a potion of enlightenment for 75 gold pieces
 52913 | Orc:2    | Bought a potion of enlightenment for 75 gold pieces
 53016 | Elf:2    | Learned a level 7 spell: Summon Hydra
 53257 | Elf:2    | Found a shimmering blue altar of Sif Muna.
 53298 | Elf:2    | Identified the +5 scale mail of the Snake Pit {Rampage}
 53493 | Elf:2    | Found a runed translucent gate.
 53494 | Elf:2    | Found a runed translucent gate.
 53494 | Elf:2    | Found a runed translucent gate.
 53518 | Elf:3    | Entered Level 3 of the Elven Halls
 53518 | Elf:3    | Found an ancient bone altar of Kikubaaqudgha.
 54373 | Slime:1  | Gained mutation: You have a somewhat thin skeletal
                  | structure. (Dex +2, Stealth+) [a shining eye]
 54402 | Slime:1  | Found a viscous altar of Jiyva.
 57011 | Depths:1 | Identified the +0 leather armour of Eternal Vigilance {rF++
                  | Regen+}
 57421 | Depths:1 | Reached skill level 14 in Fighting
 57534 | Depths:1 | Identified the +7 quarterstaff "Arcanum" {heavy, rC+ Int+4}
 57978 | Depths:1 | Identified the +0 mace "Newtbane" {freeze, Dex+4 SInv}
 58136 | Depths:1 | Identified the +1 robe "Inlear" {rC+ Int+3 Dex-4 SInv}
 58156 | Depths:1 | Identified the +0 scale mail of Least Resistance {rN+}
 58199 | Depths:1 | Found an iron altar of Okawaru.
 58237 | Depths:1 | Identified the +0 falchion "Paedas" {vamp, rF- Will+ Int+3
                  | Stlth+}
 59067 | Depths:1 | Found a gateway to Hell.
 59197 | Depths:1 | Identified the +0 ring mail of Fedhas, Winnowing {Dex+2}
 59359 | Depths:2 | Found a broken altar of Ashenzari.
 60503 | Depths:2 | Gained mutation: Spells you cast and wands you use may
                  | paralyse nearby enemies. [demonic ancestry]
 60503 | Depths:2 | Reached XP level 22. HP: 152/165 MP: 23/33
 60863 | Depths:2 | Found a one-way gate leading to the halls of Pandemonium.
 62116 | Depths:3 | Was placed under penance by Fedhas
 62754 | Depths:3 | Was forgiven by Fedhas
 63006 | Depths:3 | Noticed Louise
 63037 | Depths:3 | Found a one-way gate to the infinite horrors of the Abyss.
 63049 | Depths:3 | Killed Louise
 63051 | Depths:3 | Was placed under penance by Fedhas
 63599 | Depths:3 | Reached skill level 15 in Fighting
 63759 | Depths:3 | Found a shadowy altar of Dithmenos.
 64178 | Depths:4 | Entered Level 4 of the Depths
 64195 | Depths:4 | Was forgiven by Fedhas
 65124 | Depths:4 | Found a gate to the Realm of Zot.
 65770 | Crypt:1  | Entered Level 1 of the Crypt
 66573 | Crypt:1  | Reached skill level 15 in Shields
 66653 | Crypt:1  | Reached skill level 15 in Stealth
 66832 | Crypt:1  | Gained mutation: Your melee attacks may debilitate your
                  | foes. [demonic ancestry]
 66832 | Crypt:1  | Reached XP level 23. HP: 168/168 MP: 34/34
 67533 | Crypt:2  | Found an ancient bone altar of Kikubaaqudgha.
 68419 | Crypt:1  | Identified the +4 battleaxe "Kolluso" {heavy, rN+ rCorr
                  | SInv}
 68499 | Crypt:1  | Got the Atlas of the Valley and Shaping
 68876 | Crypt:2  | Noticed Frederick
 69013 | Crypt:2  | Killed Frederick
 69444 | Crypt:2  | Reached skill level 16 in Fighting
 69748 | Crypt:2  | Identified the +9 sling "Feshonwulocw" {antimagic, rC-
                  | rN+++ Will+ Dex+3}
 70092 | Crypt:3  | Entered Level 3 of the Crypt
 71111 | Crypt:3  | Found a staircase to the Tomb.
 71594 | Vaults:2 | Killed a dread lich
 71925 | Vaults:4 | Killed Boris
 72375 | Vaults:4 | Found a radiant altar of Vehumet.
 72403 | Vaults:4 | Identified the +0 hat of the Valley {Harm rPois MP+9 Str+4}
 72408 | Vaults:4 | Identified the +1 robe "Ruehualig" {rF- rC+ Int+5}
 73192 | Vaults:5 | Entered Level 5 of the Vaults
 73787 | Elf:3    | Found Cegotemu's Magic Scroll Emporium.
 74058 | Elf:3    | Reached XP level 24. HP: 193/193 MP: 31/34
 74072 | Elf:3    | Found Kaesiow's Mayhem Merchandise.
 74275 | Elf:3    | Identified the +9 shortbow "Voriuwk" {freeze, rPois Str+2
                  | Int+3}
 74362 | Elf:3    | Identified the +3 great sword of Taiss {protect, rElec rN+
                  | Int+3 Dex-2}
 74362 | Elf:3    | Identified the ring "Masast" {rF+ MP+9 Int+6}
 74425 | Elf:3    | Paralysed by an air elemental for 1 turns
 74970 | Elf:3    | Identified the ring "Lyoshumman" {rPois Int+2 Dex+3}
 74996 | Elf:3    | Reached skill level 17 in Fighting
 75092 | Elf:3    | Identified the +4 whip "Jibytzio" {venom, rC+ Str+3 Dex+3
                  | Stlth+}
 75092 | Elf:3    | Identified the ring "Typaha" {Will+ Str+4}
 75309 | Elf:3    | Identified the +4 short sword "Beastslayer" {vamp, *Rage
                  | Str+4}
 76045 | Elf:3    | Found the +8 longbow "Zephyr" {speed, Dex+3 SInv}
 76049 | Elf:3    | Identified the +2 pair of gloves of Dogmatism {rN+}
 76073 | Elf:3    | Got the Compendium of Conjuration
 76081 | Elf:3    | Got the Enchiridion on Sinister Ceremonies
 76090 | Elf:3    | Identified the staff "Qyuqemayj" {rF++ Conj}
 78840 | Depths:4 | Found a one-way gateway to a ziggurat.
 79485 | Depths:4 | Found a gateway to a bazaar.
 79494 | Bazaar   | Entered a bazaar
 79494 | Bazaar   | Found Qios Tyny's Antique Armour Shoppe.
 79494 | Bazaar   | Found Lytzas's Assorted Antiques.
 79495 | Bazaar   | Found Renaig's Book Shoppe.
 79495 | Bazaar   | Found Xoed's Assorted Antiques.
 79522 | Bazaar   | Bought a scroll of blinking for 165 gold pieces
 79522 | Bazaar   | Bought 2 scrolls of blinking for 330 gold pieces
 79522 | Bazaar   | Bought a potion of curing for 66 gold pieces
 79535 | Bazaar   | Bought the -2 hat of the Alchemist {rElec rPois rF+ rC+ rN+
                  | Will+ rMut rCorr} for 1557 gold pieces
 79535 | Bazaar   | Found the -2 hat of the Alchemist {rElec rPois rF+ rC+ rN+
                  | Will+ rMut rCorr}
 80425 | Slime:4  | Gained mutation: You are frail. (-10% HP) [a shining eye]
 80453 | Slime:4  | Gained mutation: You have a pair of horns on your head. [a
                  | shining eye]
 80473 | Slime:3  | Lost mutation: You have a pair of horns on your head.
                  | [potion of mutation]
 80473 | Slime:3  | Lost mutation: You are frail. (-10% HP) [potion of
                  | mutation]
 80473 | Slime:3  | Lost mutation: You have a pair of small horns on your head.
                  | [potion of mutation]
 80473 | Slime:3  | Gained mutation: Your body sometimes deteriorates upon
                  | taking damage. [potion of mutation]
 80473 | Slime:3  | Gained mutation: You are weak. (Str -2) [potion of
                  | mutation]
 80473 | Slime:3  | Gained mutation: You do not regenerate when monsters are
                  | visible. [potion of mutation]
 80473 | Slime:3  | Gained mutation: You have hidden genetic potential. [potion
                  | of mutation]
 80534 | Slime:4  | Lost mutation: Your body sometimes deteriorates upon taking
                  | damage. [a shining eye]
 80984 | Slime:5  | Entered Level 5 of the Pits of Slime
 82084 | Slime:5  | Found a viscous altar of Jiyva.
 82140 | Slime:5  | Found the +8 demon blade "Leech" {evervamp, Harm Drain rN+}
 82157 | Slime:5  | Noticed the Royal Jelly
 82185 | Slime:5  | Killed the Royal Jelly
 82346 | Slime:5  | Identified the +1 helmet "Etuuk" {Dex+2}
 82347 | Slime:5  | Identified the ring of the Terrible God {Will++ Dex+6}
 82349 | Slime:5  | Got a slimy rune of Zot
 82360 | Slime:5  | Identified the +12 great mace of Domination {flame, rF+}
 82465 | Slime:5  | Identified the +7 orcbow of the Extremes {freeze, rElec}
 82505 | Slime:5  | Identified the ring "Ciangema" {rF+ rN+ Dex+6 SInv}
 82509 | Slime:5  | Identified the +1 cloak "Vyxicius" {rF+++ rC- rCorr Slay+6}
 82545 | Slime:5  | Identified the +6 glaive of Fiapacvu {flame, rF+ rCorr
                  | Int+3}
 82640 | Slime:5  | Lost mutation: You are weak. (Str -2) [potion of mutation]
 82640 | Slime:5  | Lost mutation: You have a somewhat thin skeletal structure.
                  | (Dex +2, Stealth+) [potion of mutation]
 82640 | Slime:5  | Gained mutation: You possess an exceptional clarity of
                  | mind. [potion of mutation]
 82640 | Slime:5  | Gained mutation: Your movements are slightly less
                  | encumbered by armour. (ER -2) [potion of mutation]
 82656 | Slime:5  | Lost mutation: You have hidden genetic potential. [potion
                  | of mutation]
 82656 | Slime:5  | Lost mutation: You possess an exceptional clarity of mind.
                  | [potion of mutation]
 82656 | Slime:5  | Gained mutation: Your magical capacity is low. (-10% MP)
                  | [potion of mutation]
 82656 | Slime:5  | Gained mutation: Your muscles are strong. (Str +4, Int/Dex
                  | -1) [potion of mutation]
 82657 | Slime:5  | Lost mutation: Your magical capacity is low. (-10% MP)
                  | [potion of mutation]
 82657 | Slime:5  | Lost mutation: Your muscles are strong. (Str +4, Int/Dex
                  | -1) [potion of mutation]
 82657 | Slime:5  | Gained mutation: You are dopey. (Int -2) [potion of
                  | mutation]
 82657 | Slime:5  | Gained mutation: Your skin changes colour to match your
                  | surroundings (Stealth+). [potion of mutation]
 82661 | Slime:5  | Lost mutation: You are dopey. (Int -2) [potion of mutation]
 82661 | Slime:5  | Lost mutation: Your movements are slightly less encumbered
                  | by armour. (ER -2) [potion of mutation]
 82661 | Slime:5  | Gained mutation: You have a pair of small horns on your
                  | head. [potion of mutation]
 82661 | Slime:5  | Gained mutation: Your mind is acute. (Int +4, Str/Dex -1)
                  | [potion of mutation]
 82662 | Slime:5  | Lost mutation: Your skin changes colour to match your
                  | surroundings (Stealth+). [potion of mutation]
 82662 | Slime:5  | Lost mutation: Your mind is acute. (Int +4, Str/Dex -1)
                  | [potion of mutation]
 82662 | Slime:5  | Lost mutation: You have a pair of small horns on your head.
                  | [potion of mutation]
 82662 | Slime:5  | Gained mutation: You have a pair of small horns on your
                  | head. [potion of mutation]
 82662 | Slime:5  | Gained mutation: You are strong-willed. (Will+) [potion of
                  | mutation]
 82663 | Slime:5  | Lost mutation: You have a pair of small horns on your head.
                  | [potion of mutation]
 82663 | Slime:5  | Lost mutation: You do not regenerate when monsters are
                  | visible. [potion of mutation]
 82663 | Slime:5  | Gained mutation: You have a pair of small horns on your
                  | head. [potion of mutation]
 82663 | Slime:5  | Gained mutation: Your magical capacity is low. (-10% MP)
                  | [potion of mutation]
 82663 | Slime:5  | Gained mutation: You are vulnerable to heat. (rF-) [potion
                  | of mutation]
 82663 | Slime:5  | Gained mutation: You have hidden genetic potential. [potion
                  | of mutation]
 83339 | Zot:1    | Entered Level 1 of the Realm of Zot
 84140 | Depths:4 | Reached XP level 25. HP: 179/203 MP: 23/30
 84213 | Zot:1    | Reached skill level 15 in Dodging
 84587 | Zot:1    | Reached skill level 18 in Fighting
 84738 | Zot:1    | Noticed an orb of fire
 84767 | Zot:1    | Killed an orb of fire
 85950 | Zot:1    | Reached skill level 19 in Fighting
 86860 | Zot:3    | Found a runed translucent gate.
 86860 | Zot:3    | Found a runed translucent gate.
 86882 | Zot:3    | Reached skill level 20 in Fighting
 87263 | Zot:3    | Found a runed translucent gate.
 87264 | Zot:3    | Noticed Uneer's ghost (legendary GnFE)
 87268 | Zot:3    | Identified the +6 shortbow of Dividends {heavy, Dex+2}
 87452 | Zot:3    | Found a transporter.
 87981 | Zot:3    | You fall into a shaft and drop 1 floor!
 88108 | Zot:3    | Reached skill level 15 in Armour
 88125 | Zot:3    | Found a transporter.
 88883 | Zot:4    | Reached skill level 21 in Fighting
 89813 | Zot:4    | Gained mutation: You are surrounded by an aura of silence.
                  | [demonic ancestry]
 89813 | Zot:4    | Reached XP level 26. HP: 222/222 MP: 21/30
 90099 | Zot:4    | Found the +4 dragonskin cloak
 90099 | Zot:4    | Noticed Tiamat
 90224 | Zot:4    | Killed Tiamat
 90382 | Zot:5    | Entered Level 5 of the Realm of Zot
 91307 | Zot:5    | Noticed a dread lich
 91337 | Zot:5    | Killed a dread lich
 91681 | Zot:5    | Noticed an orb of fire
 91703 | Zot:5    | Killed an orb of fire
 91711 | Zot:5    | Reached skill level 22 in Fighting
 91727 | Zot:5    | Noticed a dread lich
 91751 | Zot:5    | Killed a dread lich
 92440 | Zot:5    | Noticed an ancient lich
 92482 | Zot:5    | Killed an ancient lich
 92961 | Zot:5    | Noticed an orb of fire
 92971 | Zot:5    | Killed an orb of fire
 93928 | Crypt:3  | Found an ancient bone altar of Kikubaaqudgha.
 93934 | Crypt:3  | Found a basalt altar of Yredelemnul.
 93953 | Crypt:3  | Identified the +1 hand axe of Disarray {holy, Str+8 Int-3}
 93990 | Crypt:3  | Identified the staff "Lulin" {rPois rF++ Dex+2 Poison}
 93991 | Crypt:3  | Identified the +0 leather armour of Elitism {rC+ Str+3
                  | Dex+2}
 94600 | Zot:5    | Got the Orb of Zot
 94811 | Depths:4 | Noticed Kaet the pandemonium lord
 95209 | D:5      | Killed Pikel
 95300 | D:$      | Escaped with the Orb!

Illustrated notes

Levels and vault maps discovered:
D:1:      psy_arrival_dodecagon, layout_loops_ring,
          dreamdust_ecumenical_altar_sealed_demon
D:2:      layout_basic, basic_altar
D:3:      layout_rooms, uniq_ijyb
D:4:      layout_basic
D:5:      layout_gridville, minmay_overflow_temple_hex,
          minmay_temple_entry_gardened_gates, uniq_pikel
D:6:      layout_rooms, mainiacjoe_overflow_alcove_4, tgw_kikubaaqudgha,
          serial_shops, shop_scrolls, cheibrodos_sewer_entry_drain
D:7:      nicolae_cairo_tiling_large_dashed, layout_rooms, enter_bailey_5,
          reono_crystal_passage, supply_closet_lemuel
D:8:      layout_cave_pools, uniq_maggie, uniq_psyche
D:9:      layout_cave_pools, dpeg_lair_monsters, serial_park_tiny_2
D:10:     layout_roguey, mainiacjoe_overflow_cross_hatched,
          nicolae_qazlal_style_of_elements, mainiacjoe_overflow_chevrons,
          bloody_makhleb, serial_shops, kennysheep_mini_moat, shop,
          nicolae_shop_overgrown_old_shop, shop,
          nicolae_shop_bloodbath_and_beyond
D:11:     minmay_octagon_keep, layout_basic, orc_0_dummy, uniq_urug
D:12:     layout_basic, gammafunk_ghost_split, enter_trove_0
D:13:     minmay_strange_plus, layout_long_grid,
          hellmonk_vaults_attempted_burglary
D:14:     layout_loops_cross, small_statue_intersection
D:15:     hangedman_spin_cycle
Lair:1:   layout_chaotic_city, portal_ice_cave_demonic_guard,
          chequers_serial_rivers_micro_c, nzn_masters_of_martial_movement
Lair:2:   layout_roguey, alex1729_swamp_entry_worm_eleionoma
Lair:3:   layout_roguey, nicolae_snake_entry_warm_welcome,
          infiniplex_staircase_pool_2, grunt_megastairs_1
Lair:4:   layout_layer_cave, minmay_slime_entry_oklob_enclosed, st_stairs_8,
          grunt_megastairs_3
Lair:5:   hangedman_lair_in_review, layout_hall_layers,
          guppyfry_lair_end_dragon, eino_house_with_fridge
Swamp:1:  layout_basic_swamp, lemuel_altar_in_water, infiniplex_staircase_pool
Swamp:2:  layout_basic_swamp, evilmike_swamp_ruin_house_4, swamp_pool2
Swamp:3:  layout_basic_swamp, evilmike_swamp_ruin_house_2
Swamp:4:  swamp_alternative, layout_basic_swamp, hangedman_swamp_blocks
Snake:1:  layout_rooms
Snake:2:  layout_grid_maze, basic_altar, uniq_vashnia
Snake:3:  cheibrodos_snake_ritualist_ritual, layout_cave_pods
Snake:4:  snake_pit, layout_cave_shapes, nicolae_snake_shapes
Slime:1:  layout_caves, basic_altar, cheibrodos_slime_lost_civilization_4
Slime:2:  cheibrodos_slime_lost_civilization_3, layout_caves,
          nicolae_slime_rock_hall_of_fame
Slime:3:  layout_caves, nicolae_slime_getting_an_eyeful
Slime:4:  layout_caves, cheibrodos_slime_lost_civilization_6
Slime:5:  slime_pit_nicolae_trefoil
Orc:1:    layout_caves
Orc:2:    kennysheep_orc_mage_school, layout_caves, uniq_saint_roka
Elf:1:    layout_loops_ring, evilmike_minifort, minivault_23, uniq_norris,
          uniq_frances
Elf:2:    nicolae_elf_blades_crystal_corner, layout_loops_cross, basic_altar
Elf:3:    grunt_elf_hall_asides, layout_geoelf_octagon, basic_altar,
          serial_shops, nicolae_shop_hallway_plus, st_stairs_1,
          minmay_shop_mayhem
Vaults:1: hangedman_vaults_snaps, nicolae_vaults_six-pack,
          nicolae_vaults_trapezoid_lopsided_3, v_misc_2, ontoclasm_vaults_tryst,
          v_misc_14, nicolae_vaults_quartermaster, v_alt_pattern_6,
          nicolae_vaults_shelves_hall, nicolae_vaults_sealed_display,
          nicolae_vaults_asterisk, nicolae_vaults_trapezoid_lopsided_1,
          nicolae_vaults_apartment_1, layout_vaults_ring, serial_shops,
          nicolae_book_shop_shelving
Vaults:2: minmay_crypt_entry_vampire_xt, nicolae_vaults_offset_grid_hallway_3,
          nicolae_vaults_closet_pinwheel_5, nicolae_vaults_variable_pillar_hall,
          nicolae_vaults_shrinking_rooms_1, nicolae_vaults_trapezoid_lopsided_4,
          st_hourglassy, v_misc_9, v_misc_18, vaults_room_door_ring,
          ontoclasm_vaults_pinch, nicolae_vaults_two_Ls,
          nicolae_vaults_tetromino_Z_1, layout_vaults_big_cross, serial_shops,
          shop, shop
Vaults:3: v_misc_29, nicolae_vaults_enemy_cabinets,
          nicolae_vaults_ring_of_whatevers, vaults_dpeg_encased_lava,
          grunt_vaults_swirl, vaults_room_large_hall, ontoclasm_vaults_chip,
          layout_vaults_omnigrid
Vaults:4: ontoclasm_vaults_ring_square, grunt_tower_of_power,
          vaults_dpeg_diagonal, nicolae_vaults_three_branches,
          nicolae_vaults_mitosis, nicolae_vaults_big_angled_halls,
          ontoclasm_vaults_chip, nicolae_vaults_trapezoid_lopsided_1,
          vaults_room_semicircle, layout_vaults_chaotic_city, serial_glass,
          uniq_boris, uniq_margery
Vaults:5: serial_shops
Crypt:1:  nicolae_crypt_knochenhaus, layout_chaotic_city,
          serial_co_window_serial, co_window_of_opportunity_a,
          co_window_of_opportunity_a, co_window_corner_a, co_window_cross_1,
          co_window_paths_a, co_window_2corner, co_window_corner_b,
          co_window_unsneaky_path_c, co_window_broadway_a, co_window_broadway_b,
          co_window_of_opportunity_b
Crypt:2:  layout_misc_corridors, weyrava_vampire_temple, uniq_frederick
Crypt:3:  lightli_unholy_cathedral, layout_chaotic_city,
          nicolae_tomb_entry_unfolded_pyramid_orthogonal
Depths:1: evilmike_iron_armoury, layout_gridlike, hell_entry,
          grunt_ministairs_14, hangedman_decor_points, elyvilon_altar_1,
          serial_bayou_shore_b, grunt_megastairs_5
Depths:2: kennysheep_blocky_hall, layout_cave_pools, rand_demon_pan_entry_1,
          pf_vacation_house_of_asmodeus, cheibrodos_ashenzari_chains
Depths:3: grunt_deathspiral_large, layout_cross,
          nicolae_abyss_entry_one_way_or_another, nicolae_water_bricks,
          hell_entry, nicolae_dithmenos_through_a_glass_darkly
Depths:4: grunt_zot_entry_funnels, layout_cave_pools, enter_ziggurat_e,
          serial_shops, bzr_firewalk, serial_column_ruins,
          column_ruins_open_tiny, column_ruins_grid_1, column_ruins_open_medium,
          column_ruins_corridor_plus, column_ruins_grid_1,
          column_ruins_open_small, minmay_room_of_horrors,
          grunt_decor_arrowhead, hell_entry
Zot:1:    layout_misc_corridors
Zot:2:    nicolae_moth_party, layout_misc_corridors
Zot:3:    gammafunk_dig_for_victory, layout_basic, gammafunk_ghost_necromancy,
          grunt_ministairs_7, bh_zot_ikea_curve, grunt_megastairs_2
Zot:4:    layout_gridlike, st_small_dragon_hoard_2, uniq_tiamat
Zot:5:    layout_gridlike

Skill      XL: |  1  2  3  4  5  6  7  8  9 10 11 12 13 14 15 16 17 18 19 20 21 22 23 24 25 26 |
---------------+-------------------------------------------------------------------------------+-----
Stealth        | 1 2 3 4 5 6 7 8 9 10 11 12 13 15 | 15.0
Fighting       | 2 3 4 5 6 7 8 9 10 11 12 13 14 15 16 17 21 22 | 22.7
Summonings     | 1 2 3 5 6 7 8 9 10 11 13 14 15 16 17 18 20 21 | 21.8
Spellcasting   | 1 2 3 4 |  4.7
Short Blades   | 1 3 4 5 6 7 8 9 10 11 12 13 14 | 14.0
Invocations    | 4 7 9 10 12 13 14 15 | 15.0
Dodging        | 2 3 4 5 6 7 8 9 10 11 12 14 15 16 | 16.8
Armour         | 2 3 4 5 6 7 8 9 10 11 12 14 15 16 | 16.2
Shields        | 1 3 8 9 10 11 12 13 14 15 16 17 | 17.9
Evocations     | 5 7 8 9 10 | 10.0

Action                     |  1- 3 |  4- 6 |  7- 9 | 10-12 | 13-15 | 16-18 | 19-21 | 22-24 | 25-27 || total
---------------------------+-------+-------+-------+-------+-------+-------+-------+-------+-------++-------
  Melee: Club              |    26 |       |       |       |       |       |       |       |       ||    26
         Whip              |   114 |    82 |       |       |       |       |       |       |       ||   196
         Flail             |     8 |       |       |       |       |       |       |       |       ||     8
         Punch             |       |     2 |     3 |     2 |     8 |       |       |       |       ||    15
         Dagger            |       |    21 |   276 |   279 |   124 |       |       |       |       ||   700
         Rapier            |       |       |       |       |   423 |   299 |   900 |  1786 |   947 ||  4355
         Headbutt          |       |       |       |       |    32 |    70 |   293 |   576 |   367 ||  1338
         Kick              |       |       |       |       |       |    59 |   445 |   993 |   599 ||  2096
   Fire: Sling             |    14 |     1 |       |       |       |       |       |       |       ||    15
  Throw: Dart              |       |     4 |     5 |       |       |       |       |       |       ||     9
         Throwing net      |       |     1 |       |       |       |       |       |       |       ||     1
   Cast: Summon Small Mamm |       |    32 |    96 |   140 |    94 |    49 |     5 |     2 |     2 ||   420
         Call Canine Famil |       |       |    24 |    49 |    80 |    92 |    84 |   100 |     7 ||   436
         Summon Cactus Gia |       |       |       |       |   134 |   197 |   289 |   300 |    99 ||  1019
         Summon Hydra      |       |       |       |       |       |       |       |     5 |    59 ||    64
 Invoke: Grow Ballistomyce |       |       |     1 |    15 |     6 |     2 |    13 |     1 |     5 ||    43
         Grow Oklob        |       |       |       |     2 |     3 |       |    12 |    15 |    12 ||    44
         Wall of Briars    |       |       |       |       |     1 |       |     4 |       |     1 ||     6
  Evoke: Wand              |    16 |    12 |     9 |     4 |     4 |     1 |    19 |     9 |     6 ||    80
         Lightning rod     |       |       |     4 |     5 |    14 |     3 |    16 |    19 |     6 ||    67
         Phantom mirror    |       |       |       |       |     1 |       |     1 |     2 |     1 ||     5
         Phial of floods   |       |       |       |       |       |       |     1 |     2 |       ||     3
    Use: Scroll            |       |     6 |     2 |     5 |     7 |     9 |    14 |    29 |     2 ||    74
         Potion            |       |       |       |       |     2 |     1 |    14 |     8 |     4 ||    29
   Stab: Sleeping          |     3 |     3 |       |    12 |    12 |    12 |    28 |    27 |     3 ||   100
         Paralysed         |       |    13 |    87 |    92 |    84 |    50 |    68 |    91 |    39 ||   524
         Distracted        |       |     1 |     2 |     2 |     7 |     2 |    10 |    31 |    30 ||    85
         Confused          |       |       |       |     8 |     1 |       |     7 |     1 |     8 ||    25
         Petrified         |       |       |       |       |     2 |       |     1 |       |       ||     3
         Invisible         |       |       |       |       |       |       |     1 |       |       ||     1
 Armour: Leather armour    |    35 |       |       |       |       |       |       |       |       ||    35
         Ring mail         |    15 |    67 |   131 |   146 |   186 |   113 |   126 |       |       ||   784
         Animal skin       |       |       |       |    13 |    11 |       |       |       |       ||    24
         Ice dragon scales |       |       |       |       |       |       |   120 |    20 |       ||   140
         Storm dragon scal |       |       |       |       |       |       |       |   425 |   227 ||   652
  Dodge: Dodged            |   106 |    75 |   136 |   204 |   346 |   206 |   451 |   448 |   332 ||  2304
  Block: Kite shield       |       |       |       |       |   291 |   696 |  1096 |  1470 |   819 ||  4372
         Reflection        |       |       |       |       |    35 |   152 |   172 |    98 |    25 ||   482

Table legend: (Time is in decaauts)
 A = Elapsed time spent in this place.
 B = Non-inter-level travel time spent in this place.
 C = Inter-level travel time spent in this place.
 D = Time resting spent in this place.
 E = Time spent auto-exploring this place.
 F = Levels seen in this place.
 G = Mean time per level.
                   A        B        C        D        E       F      G
               +--------+--------+--------+--------+--------+-----+--------+
         Total |  94364 |  85308 |   9056 |  21020 |  26213 |  61 | 1547.0 |
       Dungeon |  19163 |  15754 |   3409 |   2983 |   4825 |  15 | 1277.5 |
          Lair |   7975 |   6414 |   1561 |    578 |   2998 |   5 | 1595.0 |
         Swamp |   4519 |   4267 |    252 |   1167 |   1700 |   4 | 1129.8 |
     Snake Pit |   9973 |   9606 |    367 |   3598 |   2421 |   4 | 2493.2 |
    Slime Pits |   3822 |   3730 |     92 |   1185 |    431 |   5 |  764.4 |
  Orcish Mines |   2688 |   2167 |    521 |    582 |    788 |   2 | 1344.0 |
   Elven Halls |   6951 |   6330 |    621 |   1450 |   1919 |   3 | 2317.0 |
        Vaults |   9733 |   8947 |    786 |   1528 |   3309 |   5 | 1946.6 |
         Crypt |   6250 |   5894 |    356 |   1364 |   2411 |   3 | 2083.3 |
        Depths |  11779 |  11103 |    676 |   3777 |   2637 |   4 | 2944.8 |
           Zot |   8981 |   8571 |    410 |   2660 |   2659 |   5 | 1796.2 |
         Abyss |    453 |    453 |      0 |     52 |      0 |   2 |  226.5 |
        Bazaar |     54 |     54 |      0 |      0 |      0 |   1 |   54.0 |
         Sewer |    347 |    347 |      0 |      0 |      0 |   1 |  347.0 |
        Bailey |    592 |    592 |      0 |     12 |     29 |   1 |  592.0 |
      Ice Cave |   1080 |   1080 |      0 |     82 |     83 |   1 | 1080.0 |
               +--------+--------+--------+--------+--------+-----+--------+

Top non-repeatable levels by time:
Depths:3: 4036 daAuts
    D:15: 3958 daAuts
 Snake:3: 3112 daAuts
   Elf:3: 2911 daAuts
 Crypt:1: 2797 daAuts
Depths:1: 2796 daAuts
Depths:4: 2740 daAuts
Vaults:2: 2694 daAuts
 Snake:2: 2691 daAuts
   Zot:5: 2526 daAuts
Vaults:3: 2502 daAuts
Vaults:1: 2486 daAuts
Depths:2: 2206 daAuts
   Orc:2: 2098 daAuts
  Lair:4: 2096 daAuts
